PAAA
ALLOWAY HALBERDS @ ALASKAN HUMPBACKS
08/27/2019
 
TOP OF THE 1ST
Alloway Halberds batting - Pitching for Alaskan Humpbacks : LHP Cristóbal Cardona
Pitching: LHP Cristóbal Cardona
Batting: RHB Maurice Wiebe 0-0: Bunt for hit - play at first, batter OUT! 1-3
Batting: RHB Bill Stewart 0-0: Ball
1-0: Called Strike
1-1: Foul Ball, location: 2F
1-2: Strikes out swinging
Batting: RHB Jonathan Cundall 0-0: Fly out, F9 (Flyball, 89S)
Top of the 1st over - 0 run(s), 0 hit(s), 0 error(s), 0 left on base; Alloway 0 - Alaskan 0
BOTTOM OF THE 1ST
Alaskan Humpbacks batting - Pitching for Alloway Halberds : RHP Darwin von Loen
Pitching: RHP Darwin von Loen
Batting: RHB Steve Camp 0-0: Bunt - Flyout! F2
Batting: LHB Raúl Valentín 0-0: Called Strike
0-1: Ball
1-1: Ground out 6-3 (Groundball, 6)
Batting: RHB Javier Díaz 0-0: SINGLE (Line Drive, 56D)
Batting: RHB Jared Smith 0-0: Called Strike
Javier Díaz steals 2nd base
0-1: Ground out 3-1 (Groundball, 34)
Bottom of the 1st over - 0 run(s), 1 hit(s), 0 error(s), 1 left on base; Alloway 0 - Alaskan 0
TOP OF THE 2ND
Alloway Halberds batting - Pitching for Alaskan Humpbacks : LHP Cristóbal Cardona
Batting: LHB Mathew Rose 0-0: Called Strike
0-1: Ball
1-1: Ball
2-1: Ball
3-1: Base on Balls
Batting: RHB Dustin Johnstone 0-0: Ball
1-0: Ball
2-0: Fielders Choice at 2nd, 5-4 (Groundball, 56)
Batting: RHB Aaron Harper 0-0: Grounds into double play, 5-4-3 (Groundball, 5L)
Top of the 2nd over - 0 run(s), 0 hit(s), 0 error(s), 0 left on base; Alloway 0 - Alaskan 0
BOTTOM OF THE 2ND
Alaskan Humpbacks batting - Pitching for Alloway Halberds : RHP Darwin von Loen
Batting: RHB Dave Farr 0-0: Ball
1-0: Called Strike
1-1: Swinging Strike
1-2: Ball
2-2: Foul Ball, location: 2F
2-2: Foul Ball, location: 2F
2-2: SINGLE (Flyball, 9S)
Batting: LHB James Sorensen 0-0: Called Strike
0-1: Foul Ball, location: 2F
0-2: Fly out, F7 (Popup, 7LS)
Batting: RHB Fernando Camacho 0-0: Fly out, F3 (Popup, 3SF)
Batting: RHB Aurelio Annunziato 0-0: Ball
1-0: Fly out, F8 (Flyball, 8LM)
Bottom of the 2nd over - 0 run(s), 1 hit(s), 0 error(s), 1 left on base; Alloway 0 - Alaskan 0
TOP OF THE 3RD
Alloway Halberds batting - Pitching for Alaskan Humpbacks : LHP Cristóbal Cardona
Batting: RHB Tracy Larson 0-0: Fly out, F9 (Flyball, 9M)
Batting: RHB Frank Carter 0-0: SOLO HOME RUN (Flyball, 78XD), Distance : 424 ft
Batting: RHB Pedro Orozco 0-0: Foul Ball, location: 2F
0-1: Ball
1-1: Swinging Strike
1-2: Strikes out swinging
Batting: RHB Maurice Wiebe 0-0: Ball
1-0: Ball
2-0: Fly out, F8 (Flyball, 8LM)
Top of the 3rd over - 1 run(s), 1 hit(s), 0 error(s), 0 left on base; Alloway 1 - Alaskan 0
BOTTOM OF THE 3RD
Alaskan Humpbacks batting - Pitching for Alloway Halberds : RHP Darwin von Loen
Batting: SHB Josef Koper 0-0: Called Strike
0-1: Ball
1-1: Called Strike
1-2: Ball
2-2: Strikes out swinging
Batting: RHB Steve Camp 0-0: Ball
1-0: Called Strike
1-1: Ball
2-1: Ball
3-1: Reached on error, E6 (Groundball, 6)
Batting: LHB Raúl Valentín 0-0: Called Strike
0-1: Foul Ball, location: 2F
0-2: Ball
1-2: Ball
2-2: SINGLE (Line Drive, 7LS)
Steve Camp to second
Batting: RHB Javier Díaz 0-0: Called Strike
0-1: Ball
Wild Pitch!
Steve Camp to third
Raúl Valentín to second
1-1: Swinging Strike
1-2: Foul Ball, location: 2F
1-2: Ball
2-2: Foul Ball, location: 2F
2-2: Strikes out swinging
Batting: RHB Jared Smith 0-0: Ball
1-0: Ball
2-0: Foul Ball, location: 2F
2-1: Ball
3-1: Called Strike
3-2: Base on Balls
Batting: RHB Dave Farr 0-0: Called Strike
0-1: Ball
1-1: Ball
2-1: Swinging Strike
2-2: Ball
3-2: Strikes out swinging
Bottom of the 3rd over - 0 run(s), 1 hit(s), 1 error(s), 3 left on base; Alloway 1 - Alaskan 0
TOP OF THE 4TH
Alloway Halberds batting - Pitching for Alaskan Humpbacks : LHP Cristóbal Cardona
Batting: RHB Bill Stewart 0-0: SINGLE (Line Drive, 7S)
Batting: RHB Jonathan Cundall 0-0: Ball
1-0: Called Strike
1-1: Ball
2-1: Ball
3-1: Called Strike
3-2: Foul Ball, location: 2F
3-2: Base on Balls
Bill Stewart to second
Batting: LHB Mathew Rose 0-0: Ball
1-0: Swinging Strike
1-1: Ball
2-1: Grounds into double play, 6-4-3 (Groundball, 6M)
Bill Stewart to third
Batting: RHB Dustin Johnstone 0-0: 2-RUN HOME RUN (Line Drive, 78XD), Distance : 414 ft
Batting: RHB Aaron Harper 0-0: SINGLE (Line Drive, 34D)
Batting: RHB Tracy Larson 0-0: Called Strike
0-1: Foul Ball, location: 2F
0-2: Ball
1-2: Foul Ball, location: 2F
1-2: Ball
2-2: Ball
3-2: Strikes out swinging
Top of the 4th over - 2 run(s), 3 hit(s), 0 error(s), 1 left on base; Alloway 3 - Alaskan 0
BOTTOM OF THE 4TH
Alaskan Humpbacks batting - Pitching for Alloway Halberds : RHP Darwin von Loen
Batting: LHB James Sorensen 0-0: Fly out, F9 (Line Drive, 9S)
Batting: RHB Fernando Camacho 0-0: Called Strike
0-1: Ball
1-1: Ball
2-1: SOLO HOME RUN (Flyball, 7D), Distance : 398 ft
Batting: RHB Aurelio Annunziato 0-0: Swinging Strike
0-1: Swinging Strike
0-2: SINGLE (Groundball, 23) (infield hit)
Batting: SHB Josef Koper 0-0: Ball
1-0: Ball
2-0: Fly out, F8 (Flyball, 8RM)
Batting: RHB Steve Camp 0-0: Ball
1-0: SINGLE (Line Drive, 34)
Aurelio Annunziato to second
Batting: LHB Raúl Valentín 0-0: Called Strike
0-1: Ball
1-1: Ball
2-1: Swinging Strike
2-2: Fly out, F8 (Flyball, 8RM)
Bottom of the 4th over - 1 run(s), 3 hit(s), 0 error(s), 2 left on base; Alloway 3 - Alaskan 1
TOP OF THE 5TH
Alloway Halberds batting - Pitching for Alaskan Humpbacks : LHP Cristóbal Cardona
Batting: RHB Frank Carter 0-0: Ball
1-0: Swinging Strike
1-1: Ball
2-1: Ball
3-1: Base on Balls
Batting: RHB Pedro Orozco 0-0: Sac Bunt - play at first, batter OUT! 1-3
Frank Carter to second
Batting: RHB Maurice Wiebe 0-0: Foul Ball, location: 2F
0-1: Swinging Strike
0-2: Foul Ball, location: 2F
0-2: Foul Ball, location: 2F
0-2: Foul Ball, location: 2F
0-2: Ball
1-2: Foul Ball, location: 2F
1-2: Ball
2-2: SINGLE (Line Drive, 9S)
Frank Carter to third
Batting: RHB Bill Stewart 0-0: Called Strike
Maurice Wiebe steals 2nd base
0-1: Fly out, F9 (Flyball, 89M)
Runner from 3rd tags up, SCORES, throw made
Batting: RHB Jonathan Cundall 0-0: Called Strike
0-1: Ball
1-1: Foul Ball, location: 2F
1-2: Ball
2-2: Ball
3-2: Foul Ball, location: 2F
Single, Error in OF, E9, batter to second base
Maurice Wiebe scores
Batting: LHB Mathew Rose 0-0: Called Strike
0-1: Ball
1-1: Foul Ball, location: 2F
1-2: Ball
2-2: Foul Ball, location: 2F
2-2: Strikes out swinging
Top of the 5th over - 2 run(s), 2 hit(s), 1 error(s), 1 left on base; Alloway 5 - Alaskan 1
BOTTOM OF THE 5TH
Alaskan Humpbacks batting - Pitching for Alloway Halberds : RHP Darwin von Loen
Batting: RHB Javier Díaz 0-0: Ball
1-0: Ball
2-0: SINGLE (Line Drive, 89S)
Batting: RHB Jared Smith 0-0: Ball
1-0: Swinging Strike
1-1: DOUBLE (Groundball, 5L)
Javier Díaz to third
Batting: RHB Dave Farr 0-0: Foul Ball, location: 2F
0-1: Ball
1-1: Ground out 4-3 (Groundball, 4M)
Javier Díaz scores
Jared Smith to third
Batting: LHB James Sorensen 0-0: Ball
1-0: Ball
2-0: Called Strike
2-1: Ground out 4-3 (Groundball, 34)
Jared Smith scores
Batting: RHB Fernando Camacho 0-0: Foul Ball, location: 2F
0-1: Ball
1-1: Ball
2-1: Ground out 4-3 (Groundball, 34)
Bottom of the 5th over - 2 run(s), 2 hit(s), 0 error(s), 0 left on base; Alloway 5 - Alaskan 3
TOP OF THE 6TH
Alloway Halberds batting - Pitching for Alaskan Humpbacks : LHP Cristóbal Cardona
Batting: RHB Dustin Johnstone 0-0: Ball
1-0: Swinging Strike
1-1: Ball
2-1: Swinging Strike
2-2: Strikes out swinging
Batting: RHB Aaron Harper 0-0: SINGLE (Line Drive, 7S)
Batting: RHB Tracy Larson 0-0: Ball
1-0: Fly out, F8 (Flyball, 8LS)
Batting: RHB Frank Carter 0-0: SINGLE (Line Drive, 9M)
Aaron Harper to second
Batting: RHB Pedro Orozco 0-0: Ball
1-0: Ball
2-0: Ball
3-0: Called Strike
3-1: Foul Ball, location: 2F
3-2: Fly out, F7 (Flyball, 8LM)
Top of the 6th over - 0 run(s), 2 hit(s), 0 error(s), 2 left on base; Alloway 5 - Alaskan 3
BOTTOM OF THE 6TH
Alaskan Humpbacks batting - Pitching for Alloway Halberds : RHP Darwin von Loen
Batting: RHB Aurelio Annunziato 0-0: Ball
1-0: Called Strike
1-1: Foul Ball, location: 2F
1-2: Foul Ball, location: 2F
1-2: Fly out, F9 (Flyball, 9M)
Batting: SHB Josef Koper 0-0: SINGLE (Line Drive, 8LS)
Pitching: RHP Al Turner
Batting: RHB Steve Camp 0-0: Foul Ball, location: 2F
0-1: Ball
1-1: Swinging Strike
1-2: Strikes out swinging
Batting: LHB Raúl Valentín 0-0: Called Strike
0-1: SINGLE (Groundball, 56S)
Josef Koper to second
Batting: RHB Javier Díaz 0-0: Ball
1-0: Ball
2-0: Foul Ball, location: 2F
2-1: Ball
3-1: Ground out 6-3 (Groundball, 6)
Bottom of the 6th over - 0 run(s), 2 hit(s), 0 error(s), 2 left on base; Alloway 5 - Alaskan 3
TOP OF THE 7TH
Alloway Halberds batting - Pitching for Alaskan Humpbacks : LHP Cristóbal Cardona
Batting: RHB Maurice Wiebe 0-0: Ball
1-0: SINGLE (Line Drive, 89M)
Batting: RHB Bill Stewart 0-0: Called Strike
0-1: Ball
1-1: Sac Bunt - play at first, batter OUT! 2-3
Maurice Wiebe to second
Batting: RHB Jonathan Cundall 0-0: Intentional Walk
Pinch Hitting: RHB Mark Davis 0-0: Ball
1-0: Swinging Strike
1-1: Swinging Strike
1-2: Strikes out looking
Batting: RHB Dustin Johnstone 0-0: Ball
1-0: Ball
2-0: Foul Ball, location: 2F
2-1: Foul Ball, location: 2F
2-2: Strikes out looking
Top of the 7th over - 0 run(s), 1 hit(s), 0 error(s), 2 left on base; Alloway 5 - Alaskan 3
BOTTOM OF THE 7TH
Alaskan Humpbacks batting - Pitching for Alloway Halberds : RHP Al Turner
Now at C: Kenji Takahashi
Batting: RHB Jared Smith 0-0: Ball
1-0: Ball
2-0: Called Strike
2-1: Foul Ball, location: 2F
2-2: Ball
3-2: Strikes out looking
Batting: RHB Dave Farr 0-0: Ball
1-0: Foul Ball, location: 2F
1-1: Foul Ball, location: 2F
1-2: Ground out 5-3 (Groundball, 56)
Batting: LHB James Sorensen 0-0: Called Strike
0-1: Ball
1-1: Ground out 3-1 (Groundball, 34)
Bottom of the 7th over - 0 run(s), 0 hit(s), 0 error(s), 0 left on base; Alloway 5 - Alaskan 3
TOP OF THE 8TH
Alloway Halberds batting - Pitching for Alaskan Humpbacks : LHP Cristóbal Cardona
Batting: RHB Aaron Harper 0-0: SINGLE (Groundball, 6MD)
Pitching: RHP Pedro Pagán
Batting: RHB Tracy Larson 0-0: Bunted foul
0-1: Sac Bunt - play at first, batter OUT! 1-4
Aaron Harper to second
Batting: RHB Frank Carter 0-0: Called Strike
0-1: Fly out, F7 (Flyball, 78M)
Batting: RHB Pedro Orozco 0-0: Foul Ball, location: 2F
0-1: SINGLE (Line Drive, 6MD)
Aaron Harper to third
Pinch Hitting: LHB Matt Mitchell 0-0: Ball
1-0: Called Strike
Pedro Orozco steals 2nd base
1-1: Fly out, F7 (Flyball, 7D)
Top of the 8th over - 0 run(s), 2 hit(s), 0 error(s), 2 left on base; Alloway 5 - Alaskan 3
BOTTOM OF THE 8TH
Alaskan Humpbacks batting - Pitching for Alloway Halberds : RHP Al Turner
Now at 2B: Neil Ladner
Now in LF: Matt Mitchell
Batting: RHB Fernando Camacho 0-0: Ball
1-0: Ground out 5-3 (Groundball, 5)
Pitching: RHP Jim Unknown
Batting: RHB Aurelio Annunziato 0-0: DOUBLE (Groundball, 5L)
Batting: SHB Josef Koper 0-0: Called Strike
0-1: Ball
1-1: Ball
2-1: Fly out, F7 (Flyball, 7M)
Batting: RHB Steve Camp 0-0: Called Strike
0-1: Called Strike
0-2: Strikes out swinging
Bottom of the 8th over - 0 run(s), 1 hit(s), 0 error(s), 1 left on base; Alloway 5 - Alaskan 3
TOP OF THE 9TH
Alloway Halberds batting - Pitching for Alaskan Humpbacks : RHP Pedro Pagán
Batting: SHB Neil Ladner 0-0: SOLO HOME RUN (Flyball, 89XD), Distance : 429 ft
Batting: RHB Jonathan Cundall 0-0: DOUBLE (Line Drive, 9LM)
Batting: LHB Kenji Takahashi 0-0: Intentional Walk
Batting: RHB Dustin Johnstone 0-0: Ball
1-0: Ball
2-0: Grounds into double play, 4-6-3 (Groundball, 4)
Jonathan Cundall to third
Batting: RHB Aaron Harper 0-0: Called Strike
0-1: Ball
1-1: Ball
2-1: SINGLE (Line Drive, 89S)
Jonathan Cundall scores
Pitching: LHP Freddy Ramos
Batting: RHB Tracy Larson 0-0: Swinging Strike
0-1: Ball
1-1: DOUBLE (Flyball, 89XD)
Aaron Harper to third
Runner from 3rd tries for Home, SAFE, throw made home
Batting: RHB Frank Carter 0-0: Ground out 5-3 (Groundball, 56)
Top of the 9th over - 3 run(s), 4 hit(s), 0 error(s), 1 left on base; Alloway 8 - Alaskan 3
BOTTOM OF THE 9TH
Alaskan Humpbacks batting - Pitching for Alloway Halberds : RHP Jim Unknown
Batting: LHB Raúl Valentín 0-0: Ball
1-0: Called Strike
1-1: Foul Ball, location: 2F
1-2: Foul Ball, location: 2F
1-2: Foul Ball, location: 2F
1-2: SINGLE (Line Drive, 34D)
Batting: RHB Javier Díaz 0-0: Ball
1-0: Swinging Strike
1-1: Called Strike
1-2: Ball
2-2: Strikes out swinging
Batting: RHB Jared Smith 0-0: Ball
1-0: Called Strike
1-1: 2-RUN HOME RUN (Flyball, 78XD), Distance : 436 ft
Batting: RHB Dave Farr 0-0: Ball
1-0: Foul Ball, location: 2F
1-1: Swinging Strike
1-2: Ball
2-2: Foul Ball, location: 2F
2-2: Strikes out swinging
Batting: LHB James Sorensen 0-0: Ball
1-0: Ball
2-0: Called Strike
2-1: Called Strike
2-2: SOLO HOME RUN (Flyball, 89XD), Distance : 420 ft
Pitching: RHP Jim Unknown
Batting: RHB Fernando Camacho 0-0: Called Strike
0-1: Ball
1-1: SOLO HOME RUN (Flyball, 9LD), Distance : 363 ft
Batting: RHB Aurelio Annunziato 0-0: Foul Ball, location: 2F
0-1: Ball
1-1: Ball
2-1: Foul Ball, location: 2F
2-2: Fly out, F7 (Flyball, 7M)
Bottom of the 9th over - 4 run(s), 4 hit(s), 0 error(s), 0 left on base; Alloway 8 - Alaskan 7
This league is powered by Out of the Park Baseball, the baseball management simulation game for PC, Mac and Linux
Saturday, July 25th, 2015 - OOTP Baseball 15.6 Build 34